| TOP OF THE 1ST |
|
Boston (APP) Red Sox batting - Pitching for Greeneville Astros : RHP Nate Britton
|
|
Pitching: RHP Nate Britton
|
|
|
Batting: LHB Stanislav Parusov
|
0-0: Called Strike 0-1: Ball 1-1: Ball 2-1: Ball 3-1: Base on Balls
|
|
Batting: RHB Matt Hinkle
|
0-0: Called Strike 0-1: Ball 1-1: Ball 2-1: Called Strike 2-2: Foul Ball, location: 2F 2-2: Foul Ball, location: 2F 2-2: Strikes out swinging
|
|
Batting: RHB Frank Sokolosky
|
0-0: Ball Stanislav Parusov is caught stealing 2nd base 2-4 1-0: Ball 2-0: Ground out U3 (Groundball, 34, EV 83.8 MPH)
|
| Top of the 1st over - 0 runs, 0 hits, 0 errors, 0 left on base; Boston (APP) 0 - Greeneville 0 |
| BOTTOM OF THE 1ST |
|
Greeneville Astros batting - Pitching for Boston (APP) Red Sox : RHP Jon Olivo
|
|
Pitching: RHP Jon Olivo
|
|
|
Batting: LHB Lou Toth
|
0-0: Called Strike 0-1: Ground out 6-3 (Groundball, 6, EV 113.8 MPH)
|
|
Batting: RHB Sean Mounts
|
0-0: Ground out 5-3 (Groundball, 56, EV 85.6 MPH)
|
|
Batting: LHB Josh Birkner
|
0-0: Ball 1-0: Ball 2-0: Ball 3-0: Called Strike 3-1: Foul Ball, location: 2F 3-2: Foul Ball, location: 2F 3-2: Ground out 1-3 (Groundball, 15S, EV 64.4 MPH)
|
| Bottom of the 1st over - 0 runs, 0 hits, 0 errors, 0 left on base; Boston (APP) 0 - Greeneville 0 |
| TOP OF THE 2ND |
|
Boston (APP) Red Sox batting - Pitching for Greeneville Astros : RHP Nate Britton
|
|
Batting: RHB William Lung
|
0-0: Ball 1-0: Ball 2-0: Ball 3-0: Called Strike 3-1: Swinging Strike 3-2: Fly out, F4 (Popup, 4M, EV 58.8 MPH)
|
|
Batting: LHB Frank Olivo
|
0-0: Called Strike 0-1: Ball 1-1: DOUBLE (Flyball, 9LD, EV 91.2 MPH)
|
|
Batting: RHB Mike Strey
|
0-0: Ball 1-0: Ball 2-0: Ground out U3 (Groundball, 34, EV 86.9 MPH) Frank Olivo to third
|
|
Batting: RHB Dominique Paolozzi
|
0-0: Called Strike 0-1: Ball 1-1: Foul Ball, location: 2F 1-2: Ball 2-2: Ball 3-2: Base on Balls
|
|
Batting: RHB Rogelio Cervantes
|
0-0: Called Strike 0-1: Ball 1-1: Swinging Strike 1-2: Strikes out swinging
|
| Top of the 2nd over - 0 runs, 1 hit, 0 errors, 2 left on base; Boston (APP) 0 - Greeneville 0 |
| BOTTOM OF THE 2ND |
|
Greeneville Astros batting - Pitching for Boston (APP) Red Sox : RHP Jon Olivo
|
|
Batting: RHB Bruce Bermudez
|
0-0: Foul Ball, location: 2F 0-1: Fly out, F6 (Popup, 6MS, EV 80.6 MPH)
|
|
Batting: LHB Jackson Trottier
|
0-0: Ball 1-0: Ball 2-0: Ball 3-0: Called Strike 3-1: Called Strike 3-2: SOLO HOME RUN (Flyball, 89XD, EV 108.1 MPH), Distance : 407 ft
|
|
Batting: RHB Workneh Lagat
|
0-0: Called Strike 0-1: Ball 1-1: Foul Ball, location: 2F 1-2: Ball 2-2: Ball 3-2: Strikes out looking
|
|
Batting: RHB Edgar Trejo
|
0-0: Ball 1-0: DOUBLE (Line Drive, 7LS, EV 91.9 MPH)
|
|
Batting: RHB Jason Monico
|
0-0: DOUBLE (Groundball, 5L, EV 103.1 MPH) Edgar Trejo scores
|
|
Batting: RHB Guo-ning Chen
|
0-0: Called Strike 0-1: Ball 1-1: Ball 2-1: Ball 3-1: Foul Ball, location: 2F 3-2: SINGLE (Groundball, 34D, EV 111.2 MPH) Jason Monico to third Runner from 3rd tries for Home, SAFE, throw by RF to home
|
|
Batting: LHB Lou Toth
|
0-0: Ball 1-0: Ball 2-0: Foul Ball, location: 2F 2-1: Fly out, F9 (Line Drive, 89M, EV 91.2 MPH)
|
| Bottom of the 2nd over - 3 runs, 4 hits, 0 errors, 1 left on base; Boston (APP) 0 - Greeneville 3 |
| TOP OF THE 3RD |
|
Boston (APP) Red Sox batting - Pitching for Greeneville Astros : RHP Nate Britton
|
|
Batting: RHB Joe Booth
|
0-0: Ground out 3-1 (Groundball, 34S, EV 85.0 MPH)
|
|
Batting: LHB Stanislav Parusov
|
0-0: Called Strike 0-1: Ball 1-1: Ball 2-1: Foul Ball, location: 2F 2-2: Foul Ball, location: 2F 2-2: Ball 3-2: Base on Balls
|
|
Batting: RHB Matt Hinkle
|
0-0: Ball 1-0: Ball 2-0: Ball 3-0: Base on Balls Stanislav Parusov to second
|
|
Batting: RHB Frank Sokolosky
|
0-0: Called Strike 0-1: Grounds into double play, 4-6-3 (Groundball, 4, EV 85.6 MPH)
|
| Top of the 3rd over - 0 runs, 0 hits, 0 errors, 1 left on base; Boston (APP) 0 - Greeneville 3 |
| BOTTOM OF THE 3RD |
|
Greeneville Astros batting - Pitching for Boston (APP) Red Sox : RHP Jon Olivo
|
|
Batting: RHB Sean Mounts
|
0-0: Ball 1-0: Ball 2-0: Ball 3-0: Base on Balls
|
|
Batting: LHB Josh Birkner
|
0-0: Ball 1-0: Called Strike 1-1: Foul Ball, location: 2F 1-2: Strikes out swinging
|
|
Batting: RHB Bruce Bermudez
|
0-0: Called Strike Sean Mounts steals 2nd base 0-1: Foul Ball, location: 2F 0-2: Strikes out swinging
|
|
Batting: LHB Jackson Trottier
|
0-0: Called Strike 0-1: SINGLE (Line Drive, 3D, EV 94.4 MPH) Sean Mounts to third
|
|
Batting: RHB Workneh Lagat
|
0-0: Foul Ball, location: 2F 0-1: Ball 1-1: Ball 2-1: Fielders Choice at 2nd, 6-4 (Groundball, 6, EV 76.9 MPH)
|
| Bottom of the 3rd over - 0 runs, 1 hit, 0 errors, 2 left on base; Boston (APP) 0 - Greeneville 3 |
| TOP OF THE 4TH |
|
Boston (APP) Red Sox batting - Pitching for Greeneville Astros : RHP Nate Britton
|
|
Batting: RHB William Lung
|
0-0: Foul Ball, location: 2F 0-1: Ball 1-1: Ball 2-1: SINGLE (Flyball, 78S, EV 83.8 MPH)
|
|
Batting: LHB Frank Olivo
|
0-0: Called Strike 0-1: Ball 1-1: Ball 2-1: Ball 3-1: Foul Ball, location: 2F 3-2: SINGLE (Groundball, 4MD, EV 104.4 MPH) William Lung to second
|
|
Pitching: RHP Keith Goodwin
|
|
|
Batting: RHB Mike Strey
|
0-0: Ball 1-0: Ball 2-0: Foul Ball, location: 2F 2-1: Ball Passed Ball! William Lung to third Frank Olivo to second 3-1: Called Strike 3-2: Base on Balls
|
|
Batting: SHB Eric Evans
|
0-0: Called Strike 0-1: Ball 1-1: Ball 2-1: SINGLE (Groundball, 6MD, EV 106.9 MPH) William Lung scores Frank Olivo to third Mike Strey to second
|
|
Batting: RHB Rogelio Cervantes
|
0-0: Ball 1-0: Fielders Choice at 2nd, 6-4 (Groundball, 6S, EV 84.4 MPH) Frank Olivo scores Mike Strey to third
|
|
Batting: RHB Joe Booth
|
0-0: Ball Rogelio Cervantes steals 2nd base 1-0: Called Strike 1-1: Fly out, F4 (Flyball, 4D, EV 91.2 MPH)
|
|
Batting: LHB Stanislav Parusov
|
0-0: Called Strike 0-1: Ball 1-1: Ball 2-1: Ball Wild Pitch! Mike Strey scores Rogelio Cervantes to third 3-1: Base on Balls
|
|
Batting: RHB Matt Hinkle
|
0-0: Ball Stanislav Parusov steals 2nd base (no throw) 1-0: Foul Ball, location: 2F 1-1: SINGLE (Line Drive, 78M, EV 108.8 MPH) Rogelio Cervantes scores Stanislav Parusov to third Runner from 3rd tries for Home, SAFE, throw by LF to home
|
|
Batting: RHB Frank Sokolosky
|
0-0: Ball 1-0: Ball Matt Hinkle steals 2nd base 2-0: Called Strike 2-1: Ball 3-1: DOUBLE (Line Drive, 8RXD, EV 106.9 MPH) Matt Hinkle scores
|
|
Batting: RHB William Lung
|
0-0: Ball Wild Pitch! Frank Sokolosky to third 1-0: Ball 2-0: Ball 3-0: Base on Balls
|
|
Batting: LHB Frank Olivo
|
0-0: Foul Ball, location: 2F 0-1: Called Strike 0-2: Ball 1-2: Fly out, F4 (Popup, 4M, EV 55.0 MPH)
|
| Top of the 4th over - 6 runs, 5 hits, 0 errors, 2 left on base; Boston (APP) 6 - Greeneville 3 |
| BOTTOM OF THE 4TH |
|
Greeneville Astros batting - Pitching for Boston (APP) Red Sox : RHP Jon Olivo
|
|
Batting: RHB Edgar Trejo
|
0-0: SINGLE (Line Drive, 8RS, EV 104.4 MPH)
|
|
Batting: RHB Jason Monico
|
0-0: Foul Ball, location: 2F 0-1: Called Strike 0-2: Ball 1-2: Foul Ball, location: 2F 1-2: Strikes out looking
|
|
Batting: RHB Guo-ning Chen
|
0-0: Fielders Choice at 2nd, 5-4 (Groundball, 56, EV 99.4 MPH)
|
|
Batting: LHB Lou Toth
|
0-0: Ball 1-0: Foul Ball, location: 2F 1-1: Foul Ball, location: 2F 1-2: Fly out, F7 (Flyball, 7LS, EV 89.4 MPH)
|
| Bottom of the 4th over - 0 runs, 1 hit, 0 errors, 1 left on base; Boston (APP) 6 - Greeneville 3 |
| TOP OF THE 5TH |
|
Boston (APP) Red Sox batting - Pitching for Greeneville Astros : RHP Keith Goodwin
|
|
Batting: RHB Mike Strey
|
0-0: Swinging Strike 0-1: Ball 1-1: Foul Ball, location: 2F 1-2: Fly out, F9 (Flyball, 9, EV 85.0 MPH)
|
|
Batting: SHB Eric Evans
|
0-0: Swinging Strike 0-1: Ball 1-1: Ball 2-1: Called Strike 2-2: Ball 3-2: Ground out 5-3 (Groundball, 56, EV 79.4 MPH)
|
|
Batting: RHB Rogelio Cervantes
|
0-0: Called Strike 0-1: Foul Ball, location: 2F 0-2: Ground out 4-3 (Groundball, 4, EV 102.5 MPH)
|
| Top of the 5th over - 0 runs, 0 hits, 0 errors, 0 left on base; Boston (APP) 6 - Greeneville 3 |
| BOTTOM OF THE 5TH |
|
Greeneville Astros batting - Pitching for Boston (APP) Red Sox : RHP Jon Olivo
|
|
Batting: RHB Sean Mounts
|
0-0: Ball 1-0: Ball 2-0: Ball 3-0: Base on Balls
|
|
Batting: LHB Josh Birkner
|
0-0: Called Strike 0-1: Ball 1-1: Foul Ball, location: 2F 1-2: Foul Ball, location: 2F 1-2: Fly out, F7 (Flyball, 7D, EV 88.1 MPH)
|
|
Batting: RHB Bruce Bermudez
|
0-0: Ball 1-0: Called Strike 1-1: Ball 2-1: Called Strike Sean Mounts is caught stealing 2nd base 2-4 2-2: Foul Ball, location: 2F 2-2: Ball 3-2: Ground out 6-3 (Groundball, 56, EV 110.0 MPH)
|
| Bottom of the 5th over - 0 runs, 0 hits, 0 errors, 0 left on base; Boston (APP) 6 - Greeneville 3 |
| TOP OF THE 6TH |
|
Boston (APP) Red Sox batting - Pitching for Greeneville Astros : RHP Keith Goodwin
|
|
Batting: RHB Joe Booth
|
0-0: Called Strike 0-1: Swinging Strike 0-2: Ground out 6-3 (Groundball, 56, EV 81.2 MPH)
|
|
Batting: LHB Stanislav Parusov
|
0-0: Called Strike 0-1: Ball 1-1: Foul Ball, location: 2F 1-2: Ground out 4-3 (Groundball, 34, EV 81.2 MPH)
|
|
Batting: RHB Matt Hinkle
|
0-0: Ball 1-0: Swinging Strike 1-1: Ball 2-1: DOUBLE (Groundball, 3L, EV 100.6 MPH)
|
|
Batting: RHB Frank Sokolosky
|
0-0: Ball 1-0: Called Strike Matt Hinkle steals 3rd, throwing error, E2 Matt Hinkle scores 1-1: Ball 2-1: Foul Ball, location: 2F 2-2: SINGLE (Groundball, 4, EV 100.6 MPH)
|
|
Pitching: RHP To-wai Chen
|
|
|
Batting: RHB William Lung
|
0-0: Called Strike 0-1: Ball 1-1: Ball 2-1: Foul Ball, location: 2F 2-2: Foul Ball, location: 2F 2-2: Foul Ball, location: 2F 2-2: Foul Ball, location: 2F 2-2: Ball Frank Sokolosky steals 2nd base 3-2: Fly out, F9 (Flyball, 9LD, EV 81.9 MPH)
|
| Top of the 6th over - 1 run, 2 hits, 1 error, 1 left on base; Boston (APP) 7 - Greeneville 3 |
| BOTTOM OF THE 6TH |
|
Greeneville Astros batting - Pitching for Boston (APP) Red Sox : RHP Jon Olivo
|
|
Batting: LHB Jackson Trottier
|
0-0: TRIPLE (Line Drive, 78XD, EV 98.8 MPH)
|
|
Batting: RHB Workneh Lagat
|
0-0: Called Strike 0-1: Swinging Strike 0-2: Ball 1-2: Foul Ball, location: 2F 1-2: Strikes out swinging
|
|
Pitching: RHP Mike Tolley
|
|
|
Batting: RHB Edgar Trejo
|
0-0: 2-RUN HOME RUN (Line Drive, 7D, EV 107.5 MPH), Distance : 400 ft
|
|
Batting: RHB Jason Monico
|
0-0: Ball 1-0: Foul Ball, location: 2F 1-1: Foul Ball, location: 2F 1-2: Ground out 3-1 (Groundball, 34S, EV 85.0 MPH)
|
|
Batting: RHB Guo-ning Chen
|
0-0: Called Strike 0-1: Ball 1-1: Ball 2-1: Foul Ball, location: 2F 2-2: Foul Ball, location: 2F 2-2: Strikes out swinging
|
| Bottom of the 6th over - 2 runs, 2 hits, 0 errors, 0 left on base; Boston (APP) 7 - Greeneville 5 |
| TOP OF THE 7TH |
|
Boston (APP) Red Sox batting - Pitching for Greeneville Astros : RHP To-wai Chen
|
|
Batting: LHB Frank Olivo
|
0-0: Ball 1-0: Ball 2-0: Ground out 5-3 (Groundball, 5, EV 88.1 MPH)
|
|
Batting: RHB Mike Strey
|
0-0: Ball 1-0: SOLO HOME RUN (Flyball, 7D, EV 96.9 MPH), Distance : 378 ft
|
|
Batting: SHB Eric Evans
|
0-0: Swinging Strike 0-1: Ball 1-1: Foul Ball, location: 2F 1-2: Fly out, F3 (Line Drive, 3, EV 76.9 MPH)
|
|
Batting: RHB Rogelio Cervantes
|
0-0: Ball 1-0: Ball 2-0: SINGLE (Line Drive, 56D, EV 109.4 MPH)
|
|
Batting: RHB Joe Booth
|
0-0: Ball Rogelio Cervantes steals 2nd base 1-0: SINGLE (Flyball, 3D, EV 91.2 MPH) Rogelio Cervantes to third
|
|
Batting: LHB Stanislav Parusov
|
0-0: Foul Ball, location: 2F 0-1: Ball 1-1: Ball 2-1: Ball 3-1: Base on Balls Joe Booth to second
|
|
Batting: RHB Matt Hinkle
|
0-0: SINGLE (Groundball, 4M, EV 97.5 MPH) (infield hit) Rogelio Cervantes scores Joe Booth to third Stanislav Parusov to second
|
|
Batting: RHB Frank Sokolosky
|
0-0: Called Strike 0-1: Ball 1-1: Ball 2-1: Ground out 5-3 (Groundball, 56S, EV 68.8 MPH)
|
| Top of the 7th over - 2 runs, 4 hits, 0 errors, 3 left on base; Boston (APP) 9 - Greeneville 5 |
| BOTTOM OF THE 7TH |
|
Greeneville Astros batting - Pitching for Boston (APP) Red Sox : RHP Mike Tolley
|
|
Batting: LHB Lou Toth
|
0-0: Called Strike 0-1: Called Strike 0-2: Ball 1-2: Ball 2-2: Ball 3-2: Base on Balls
|
|
Batting: RHB Sean Mounts
|
Pickoff Throw to First - Error! E1 Lou Toth to second 0-0: Fly out, F6 (Flyball, 5D, EV 88.1 MPH)
|
|
Batting: LHB Josh Birkner
|
0-0: Ball 1-0: Ball 2-0: Ball 3-0: Called Strike 3-1: Base on Balls
|
|
Batting: RHB Bruce Bermudez
|
0-0: Called Strike 0-1: Ball 1-1: Ball 2-1: Ball 3-1: Base on Balls Lou Toth to third Josh Birkner to second
|
|
Batting: LHB Jackson Trottier
|
0-0: Called Strike 0-1: Ball 1-1: Swinging Strike 1-2: Foul Ball, location: 2F 1-2: Strikes out swinging
|
|
Batting: RHB Workneh Lagat
|
0-0: Ball 1-0: Foul Ball, location: 2F 1-1: Ground out 5-3 (Groundball, 56S, EV 80.6 MPH)
|
| Bottom of the 7th over - 0 runs, 0 hits, 1 error, 3 left on base; Boston (APP) 9 - Greeneville 5 |
| TOP OF THE 8TH |
|
Boston (APP) Red Sox batting - Pitching for Greeneville Astros : RHP To-wai Chen
|
|
Batting: RHB William Lung
|
0-0: Foul Ball, location: 2F 0-1: Ball 1-1: DOUBLE (Flyball, 89XD, EV 97.5 MPH)
|
|
Batting: LHB Frank Olivo
|
0-0: Ball 1-0: Ball 2-0: Ball Wild Pitch! William Lung to third 3-0: Called Strike 3-1: Base on Balls
|
|
Batting: RHB Mike Strey
|
0-0: Ball 1-0: 3-RUN HOME RUN (Flyball, 89XD, EV 107.5 MPH), Distance : 401 ft
|
|
Batting: SHB Eric Evans
|
0-0: Ball 1-0: Ball 2-0: Foul Ball, location: 2F 2-1: Fly out, F8 (Line Drive, 8LD, EV 94.4 MPH)
|
|
Batting: RHB Rogelio Cervantes
|
0-0: Foul Ball, location: 2F 0-1: Ground out 5-3 (Groundball, 56, EV 75.0 MPH)
|
|
Batting: RHB Joe Booth
|
0-0: Ball 1-0: Foul Ball, location: 2F 1-1: Called Strike 1-2: Ball 2-2: Ball 3-2: Base on Balls
|
|
Batting: LHB Stanislav Parusov
|
0-0: Called Strike 0-1: Ball 1-1: Ball 2-1: DOUBLE (Flyball, 89D, EV 95.0 MPH) Joe Booth to third Runner from 3rd tries for Home, SAFE, throw by RF to trailing runner, SAFE at third!
|
|
Batting: RHB Matt Hinkle
|
0-0: Ball 1-0: Ball 2-0: Ball 3-0: Called Strike 3-1: Base on Balls
|
|
Pitching: RHP Ryan Salas
|
|
|
Batting: RHB Frank Sokolosky
|
0-0: Ball 1-0: Ball 2-0: Ball 3-0: SINGLE (Line Drive, 8RS, EV 112.5 MPH) Stanislav Parusov scores Matt Hinkle to second
|
|
Batting: RHB William Lung
|
0-0: Ball 1-0: Ground out 1-3 (Groundball, 15, EV 71.2 MPH)
|
| Top of the 8th over - 5 runs, 4 hits, 0 errors, 2 left on base; Boston (APP) 14 - Greeneville 5 |
| BOTTOM OF THE 8TH |
|
Greeneville Astros batting - Pitching for Boston (APP) Red Sox : RHP Mike Tolley
|
|
Batting: RHB Edgar Trejo
|
0-0: Ball 1-0: SINGLE (Line Drive, 89M, EV 106.9 MPH)
|
|
Batting: RHB Jason Monico
|
0-0: Ball 1-0: Called Strike 1-1: Ball 2-1: Called Strike 2-2: Strikes out swinging
|
|
Batting: RHB Guo-ning Chen
|
0-0: Grounds into double play, 1-6-3 (Groundball, 13S, EV 67.5 MPH)
|
| Bottom of the 8th over - 0 runs, 1 hit, 0 errors, 0 left on base; Boston (APP) 14 - Greeneville 5 |
| TOP OF THE 9TH |
|
Boston (APP) Red Sox batting - Pitching for Greeneville Astros : RHP Ryan Salas
|
|
Pinch Hitting: RHB Josh Graham
|
0-0: Called Strike 0-1: Hit by Pitch
|
|
Batting: RHB Mike Strey
|
0-0: Ball 1-0: Ball 2-0: Ball 3-0: Base on Balls Josh Graham to second
|
|
Batting: SHB Eric Evans
|
0-0: Foul Ball, location: 2F 0-1: Swinging Strike 0-2: SINGLE (Groundball, 4S, EV 72.5 MPH) (infield hit) Josh Graham to third Mike Strey to second
|
|
Batting: RHB Rogelio Cervantes
|
0-0: Ball 1-0: Called Strike 1-1: Ball 2-1: Swinging Strike 2-2: Foul Ball, location: 2F 2-2: Fielders Choice at 2nd, 3-6 (Groundball, 34S, EV 86.9 MPH) Josh Graham scores Mike Strey to third
|
|
Pitching: RHP Danny Jensen
|
|
|
Batting: RHB Joe Booth
|
0-0: Ball 1-0: Ball 2-0: Ball 3-0: Base on Balls Rogelio Cervantes to second
|
|
Batting: LHB Stanislav Parusov
|
0-0: Swinging Strike 0-1: Ball 1-1: Foul Ball, location: 2F 1-2: Foul Ball, location: 2F 1-2: Ball 2-2: SINGLE (Groundball, 25, EV 70.0 MPH) (infield hit) Mike Strey scores Rogelio Cervantes to third Joe Booth to second
|
|
Batting: RHB Matt Hinkle
|
0-0: Ball 1-0: Ball 2-0: Foul Ball, location: 2F 2-1: Called Strike 2-2: Foul Ball, location: 2F 2-2: SINGLE (Line Drive, 78S, EV 96.9 MPH) Rogelio Cervantes scores Joe Booth to third Stanislav Parusov to second Runner from 3rd tries for Home, SAFE, throw by LF to home
|
|
Batting: RHB Frank Sokolosky
|
0-0: Ball 1-0: SINGLE (Line Drive, 89S, EV 98.1 MPH) Stanislav Parusov to third Matt Hinkle to second Runner from 3rd tries for Home, SAFE, throw by RF to home
|
|
Pitching: RHP Jarno van Lente
|
|
|
Batting: RHB William Lung
|
0-0: Ball 1-0: Ball 2-0: Ball 3-0: Called Strike 3-1: Swinging Strike 3-2: Fly out, F4 (Popup, 34S, EV 84.4 MPH)
|
|
Batting: RHB Josh Graham
|
0-0: Ball 1-0: Swinging Strike 1-1: Ball 2-1: Ground out 3-1 (Groundball, 34, EV 107.5 MPH)
|
| Top of the 9th over - 5 runs, 4 hits, 0 errors, 2 left on base; Boston (APP) 19 - Greeneville 5 |
| BOTTOM OF THE 9TH |
|
Greeneville Astros batting - Pitching for Boston (APP) Red Sox : RHP Mike Tolley
|
|
Now at 1B: Ben Crossley
|
|
|
Batting: LHB Lou Toth
|
0-0: Swinging Strike 0-1: Ball 1-1: Fly out, F6 (Popup, 6D, EV 53.1 MPH)
|
|
Batting: RHB Sean Mounts
|
0-0: Ball 1-0: Ball 2-0: Called Strike 2-1: Ball 3-1: Fly out, F9 (Line Drive, 9, EV 86.9 MPH)
|
|
Batting: LHB Josh Birkner
|
0-0: Called Strike 0-1: Swinging Strike 0-2: Foul Ball, location: 2F 0-2: Strikes out swinging
|
| Bottom of the 9th over - 0 runs, 0 hits, 0 errors, 0 left on base; Boston (APP) 19 - Greeneville 5 |
|